 Dungeon Crawl Stone Soup version 0.30-b1-2-g02819fbbbe (webtiles) character file.

Game seed: 7855400116051581162

150 ElMinstaer the Cudgeller (level 5, -3/52 HPs)
             Began as a Troll Gladiator on May 20, 2023.
             Slain by a gnoll
             ... wielding a +0 halberd
              (8 damage)
             ... on level 3 of the Dungeon.
             The game lasted 00:04:21 (1970 turns).

ElMinstaer the Cudgeller (Troll Gladiator)          Turns: 1970, Time: 00:04:21

Health: -3/52      AC:  4    Str: 24    XL:     5   Next: 10%
Magic:  4/4        EV: 10    Int:  4    God:
Gold:   95         SH:  0    Dex: 11    Spells: 4/4 levels left

rFire   . . .        a - +0 flail
rCold   + . .        (no shield)
rNeg    . . .        b - +0 robe
rPois   .            c - +0 hat
rElec   .            (no cloak)
rCorr   .            (gloves unavailable)
SInv    .            (boots unavailable)
Will    .....        i - amulet of the acrobat
Stlth   +            o - ring of protection from cold
HPRegen 1.08/turn    (no ring)
MPRegen 0.09/turn

%: acrobat
@: no status effects
A: large, unfitting armour, claws 3, regeneration 1, shaggy fur 1, tough skin 1
a: no special abilities


You were on level 3 of the Dungeon.
You visited 1 branch of the dungeon, and saw 3 of its levels.

You collected 95 gold pieces.

Inventory:

Hand Weapons
 a - a +0 flail (weapon)
Missiles
 d - 3 throwing nets (quivered)
 e - a large rock
Armour
 b - a +0 robe (worn)
 c - a +0 hat (worn)
Jewellery
 i - an amulet of the acrobat (around neck)
 m - a ring of wizardry
 o - a ring of protection from cold (left claw)
 q - a ring of protection from cold
 r - an amulet of faith
Scrolls
 f - 3 scrolls of teleportation {unknown}
 g - a scroll of vulnerability {unknown}
 h - 3 scrolls of identify {unknown}
 j - a scroll of enchant armour {unknown}
 k - a scroll of brand weapon {unknown}
 t - a scroll of immolation {unknown}
 u - a scroll of enchant weapon {unknown}
 x - a scroll of fear {unknown}
 y - a scroll of summoning {unknown}
Potions
 l - a potion of resistance {unknown}
 n - a potion of degeneration {unknown}
 p - 6 potions of curing {unknown}
 s - 2 potions of brilliance {unknown}
 v - 2 potions of might {unknown}
 w - a potion of magic {unknown}


   Skills:
 + Level 2.8 Fighting
 * Level 4.6 Maces & Flails
 - Level 1.7 Throwing
 - Level 2.4 Dodging


You had 4 spell levels left.
You didn't know any spells.
Your spell library was empty.

Dungeon Overview and Level Annotations

Branches:
Dungeon (3/15)

Altars:


Innate Abilities, Weirdness & Mutations

You are too large for most types of armour.
You have claws for hands.
Your natural rate of healing is unusually fast.
You are covered in fur. (AC +1)
You have tough skin. (AC +1)


Message History

You closely miss the orc. The orc closely misses you.
You thump the orc!
You kill the orc!
The gnoll hits you with a +0 halberd!
You closely miss the gnoll. The gnoll hits you with a +0 halberd!
You hit the gnoll.
The gnoll is lightly wounded.
The gnoll hits you with a +0 halberd!
You completely miss the gnoll.
The gnoll is lightly wounded.
The gnoll closely misses you. x2
You closely miss the gnoll.
The gnoll is lightly wounded.
The gnoll hits you with a +0 halberd.
You hit the gnoll.
The gnoll is heavily wounded.
The gnoll hits you with a +0 halberd.
* * * LOW HITPOINT WARNING * * *
You hit the gnoll.
The gnoll is severely wounded.
The gnoll closely misses you.
You barely miss the gnoll.
The gnoll is severely wounded.
The gnoll closely misses you.
You hit the gnoll.
The gnoll is almost dead.
The gnoll barely misses you.
You barely miss the gnoll.
The gnoll is almost dead.
The gnoll hits you with a +0 halberd!
* * * LOW HITPOINT WARNING * * *
The gnoll closely misses you.
You closely miss the gnoll.
The gnoll is almost dead.
The gnoll hits you with a +0 halberd!
* * * LOW HITPOINT WARNING * * *
You barely miss the gnoll.
The gnoll is almost dead.
The gnoll hits you with a +0 halberd!
You die...

.............#..#.#.#.##.#
≈~~.~~†~~...(#..#...#.##.#
≈≈~.~≈≈≈≈....#......#....#
≈≈~.~≈≈≈≈....######.#.####
≈≈~.~~~~~.##.#........#
~≈~.......##.#.##.#...#
.....~≈~~.##$#. #.#...#
~~~~.~≈≈~.##.#.####...#
≈≈≈~.~≈≈~.##.#..@g{...#
≈≈≈~.~≈≈~..#.#####o...#
~≈~~.≈~~~......g.....##
..............########
.####............# ##
####..o.....# #..#......#
#.. ...o..o# #. .......g#


You could see a gnoll and an orc.

Vanquished Creatures
  An iguana (D:2)
  5 gnolls
  An adder (D:1)
  A worm (D:2)
  A dart slug (D:3)
  4 orcs (D:3)
  7 ball pythons
  3 endoplasms
  10 goblins
  6 hobgoblins
  8 kobolds
  6 bats
  5 frilled lizards
  3 rats (D:2)
61 creatures vanquished.

Notes
Turn   | Place    | Note
-------+----------+-------------------------------------------
     0 | D:1      | ElMinstaer the Troll Gladiator began the quest for the Orb.
     0 | D:1      | Reached XP level 1. HP: 19/19 MP: 0/0
    75 | D:1      | Reached skill level 3 in Maces & Flails
   117 | D:1      | Reached XP level 2. HP: 28/28 MP: 1/1
   561 | D:1      | Found a faded altar of an unknown god.
   860 | D:2      | Reached XP level 3. HP: 35/35 MP: 2/2
   910 | D:1      | Reached skill level 4 in Maces & Flails
   910 | D:1      | Reached XP level 4. HP: 36/44 MP: 3/3
  1904 | D:3      | Reached XP level 5. HP: 49/50 MP: 4/4
  1970 | D:3      | Slain by a gnoll

Illustrated notes

Levels and vault maps discovered:
D:1:      tarquinn_simple_flora_water_e, layout_loops_ring,
          shapermc_ecumenical_altar_hornbeckon
D:2:      kennysheep_six_static_rooms, layout_basic, nrook_mini_vaults,
          kennysheep_flooded_box, minmay_randomly_rotated_circles
D:3:      layout_basic, minivault_14, uniq_crazy_yiuf_cottage

Skill      XL: |  1  2  3 |
---------------+----------+-----
Maces & Flails | 3 4 |  4.6
Fighting       | 2 |  2.8
Throwing       | |  1.7
Dodging        | |  2.4

Action                     |  1- 3 |  4- 6 || total
---------------------------+-------+-------++-------
  Melee: Flail             |    60 |   127 ||   187
         Punch             |       |     1 ||     1
   Stab: Sleeping          |     1 |     1 ||     2
 Armour: Robe              |    28 |    34 ||    62
  Dodge: Dodged            |    52 |    73 ||   125
